Map: Cradle of Death

Players

Alebay

  • Race: Protoss Protoss
  • Spawn Location: 0:00

MattBarry

  • Race: Protoss Protoss
  • League: Gold
  • Spawn Location: 0:00

VOD

Have the link to the VOD?

Description

Time

  • Played on: Jan. 27, 2023, 11:58 p.m.
  • Length: 7:42
Show
View Real Time Build Order
Export as new Build Order

Alebay Protoss 

Build Orders:  

Get SALT Encoding   

  12  0:02  Probe (Chrono Boost)  
  13  0:13  Unknown  
  13  0:16  Probe (Chrono Boost)  
  14  0:29  Probe (Chrono Boost)  
  15  0:34  Pylon  
  15  0:42  Probe (Chrono Boost)  
  16  0:55  Probe (Chrono Boost)  
  17  1:01  Gateway  
  17  1:04  Cybernetics Core  
  17  1:08  Probe (Chrono Boost)  
  18  1:13  Assimilator  
  18  1:21  Probe (Chrono Boost)  
  19  1:44  Probe (Chrono Boost)  
  20  1:57  Probe (Chrono Boost)  
  21  2:07  Legionnaire  
  24  2:10  Probe (Chrono Boost)  
  24  2:19  Assimilator  
  25  2:23  Warp Gate, Probe (Chrono Boost)  
  26  2:36  Probe (Chrono Boost)  
  26  2:37  Pylon  
  27  3:02  Legionnaire, Probe (Chrono Boost)  
  31  3:10  Kaldalis' A.I. Personality  
  31  3:15  Probe (Chrono Boost)  
  32  3:21  Pylon  
  32  3:24  Pylon  
  32  3:30  Probe (Chrono Boost)  
  33  3:40  Forge  
  33  3:43  Twilight Council  
  33  3:45  Adept  
  35  3:52  Talis' A.I. Personality  
  35  4:02  Gateway  
  35  4:07  Pylon  
  35  4:10  Gateway  
  35  4:14  Adept  
  37  4:29  Psionic Projection  
  37  4:38  Adept  
  39  4:44  Purifier Armaments  
  39  5:05  Pylon  
  39  5:06  Gateway  
  39  5:11  Gateway  
  39  5:12  Adept  
  39  5:15  Charge  
  41  5:20  Adept  
  43  6:17  Adept  
  43  6:18  Adept x2  
  44  6:45  Probe (Chrono Boost)  
  43  7:10  Adept x2  
  43  7:11  Adept x2  
Show
View Real Time Build Order
Export as new Build Order

MattBarry Protoss 

Build Orders:  

Get SALT Encoding   

  12  0:04  Probe (Chrono Boost)  
  13  0:11  Unknown  
  13  0:25  Pylon  
  13  0:35  Probe (Chrono Boost)  
  14  0:49  Probe (Chrono Boost)  
  15  0:55  Gateway  
  15  1:02  Probe (Chrono Boost)  
  16  1:10  Pylon  
  16  1:16  Probe (Chrono Boost)  
  18  1:30  Probe (Chrono Boost)  
  18  1:44  Probe (Chrono Boost)  
  19  2:11  Probe (Chrono Boost)  
  19  2:18  Assimilator  
  20  2:25  Probe (Chrono Boost)  
  20  2:26  Cybernetics Core  
  21  2:30  Gateway  
  21  2:39  Probe (Chrono Boost)  
  22  2:42  Assimilator  
  22  2:53  Probe (Chrono Boost)  
  23  3:07  Supplicant x2, Probe (Chrono Boost)  
  28  3:21  Probe (Chrono Boost)  
  29  3:35  Probe (Chrono Boost)  
  30  3:46  Death Council  
  30  3:49  Probe (Chrono Boost)  
  31  4:01  Warp Gate  
  31  4:42  Blood Shields  
  31  4:56  Pylon  
  31  4:59  Pylon  
  31  5:03  Pylon  
  31  5:19  Ascendant Archives  
  31  5:21  Probe (Chrono Boost)  
  31  5:29  Supplicant x4  
  40  5:35  Probe (Chrono Boost)  
  41  5:49  Probe (Chrono Boost)  
  42  6:03  Probe (Chrono Boost)  
Tags
 
Commander
AlarakFenix
League
Gold
Matchup
Co-op
Replay Pack
Multiplayer
Add a new tag
Caveats
  • Supply blocks, unpowered buildings, or Contaminate may cause inaccurate times.
  • Supply counts are checked every 10 seconds.